 Dungeon Crawl Stone Soup version 0.28-a0-476-g0f06bd746f (webtiles) character file.

Game seed: 1211136400944958219

100 siradein the Grave Robber (level 4, 0/36 HPs)
             Began as a Deep Dwarf Necromancer on Sept 16, 2021.
             Was an Initiate of Gozag.
             Slain by an ufetubus (3 damage)
             ... on level 3 of the Dungeon.
             The game lasted 00:17:01 (3413 turns).

siradein the Grave Robber (Deep Dwarf Necromancer)  Turns: 3413, Time: 00:17:02

Health: 0/36       AC:  4    Str: 12    XL:     4   Next: 46%
Magic:  8/8        EV: 12    Int: 23    God:    Gozag
Gold:   15         SH:  0    Dex: 13    Spells: 4/8 levels left

rFire   + . .      SeeInvis +   s - +0 long sword
rCold   . . .      Faith    .   (no shield)
rNeg    . . .      Spirit   .   t - +1 leather armour "Ilogeen" {Int+7}
rPois   .          Reflect  .   (no helmet)
rElec   .          Harm     .   (no cloak)
rCorr   .          Rampage  .   (no gloves)
Will    .....                   (no boots)
Stlth   ++........              (no amulet)
HPRegen 0.00/turn               h - ring of see invisible
MPRegen 0.11/turn               p - ring of protection from fire

@: no status effects
A: damage resistance, heal wounds, sense surroundings 1, no regeneration
a: Heal Wounds, Renounce Religion, Potion Petition, Call Merchant, Bribe Branch


You were on level 3 of the Dungeon.
You worshipped Gozag.
Gozag was noncommittal.
You visited 1 branch of the dungeon, and saw 4 of its levels.

You collected 154 gold pieces.
You spent 112 gold pieces at shops.
You paid 27 gold pieces to Gozag.

Inventory:

Hand Weapons
 s - a +0 long sword (weapon)
Armour
 t - the +1 leather armour "Ilogeen" (worn) {Int+7}
   (You bought it in a shop on level 1 of the Dungeon)

   Int:       It affects your intelligence (+7).
Jewellery
 h - a ring of see invisible (left hand)
 p - a ring of protection from fire (right hand)
Scrolls
 a - a scroll of amnesia {unknown}
 d - a scroll of vulnerability {unknown}
 e - a scroll of noise {unknown}
 f - a scroll of identify {unknown}
 n - 2 scrolls of enchant weapon {unknown}
 o - a scroll of magic mapping {unknown}
Potions
 b - a potion of magic {unknown}
 c - 2 potions of curing {unknown}
 g - a potion of cancellation {unknown}
 i - a potion of degeneration {unknown}
 j - a potion of resistance {unknown}
 k - a potion of might {unknown}
 l - a potion of lignification {unknown}
 m - 3 potions of heal wounds {unknown}
 q - a potion of haste {unknown}
 r - a potion of mutation {unknown}


   Skills:
 + Level 0.0 Fighting
 + Level 0.0 Long Blades
 + Level 0.0 Armour
 + Level 3.5 Dodging
 - Level 2.4 Stealth
 + Level 2.7 Spellcasting
 + Level 5.1 Necromancy


You had 4 spell levels left.
You knew the following spells:

 Your Spells              Type           Power      Damage    Failure   Level
a - Pain                  Necr           100%       1d9       1%          1
b - Vampiric Draining     Necr           13%        2d7       5%          3

Your spell library contained the following spells:

 Spells                   Type           Power      Damage    Failure   Level
 Animate Skeleton         Necr           54%        N/A       1%          1
 Corpse Rot               Necr/Air       N/A        N/A       8%          2
 Apportation              Tloc           6%         N/A       16%         1
 Summon Small Mammal      Summ           12%        N/A       16%         1
 Animate Dead             Necr           13%        N/A       19%         4
 Poisonous Vapours        Pois/Air       6%         N/A       22%         2
 Frozen Ramparts          Ice            6%         1d2       41%         3
 Ice Form                 Ice/Tmut       3%         N/A       83%         4
 Summon Ice Beast         Ice/Summ       3%         N/A       83%         4
 Agony                    Necr           27%        N/A       45%         5


Dungeon Overview and Level Annotations

Branches:
Dungeon (4/15)
 Temple: D:4-7

Altars:
Ashenzari
Gozag
Kikubaaqudgha
Makhleb
Uskayaw

Shops:
D:1 [


Innate Abilities, Weirdness & Mutations

You are resistant to damage.
You can heal yourself by infusing magical energy.
You passively map a small area around you.
You do not regenerate.


Message History

The ufetubus hits you but does no damage.
The ufetubus hits you.
The ufetubus hits you but does no damage.
The ufetubus barely misses you. The ufetubus hits you.
The ufetubus closely misses you.
You barely miss the ufetubus.
The ufetubus is lightly wounded.
The ufetubus closely misses you. The ufetubus hits you.
The ufetubus misses you. The ufetubus hits you.
* * * LOW HITPOINT WARNING * * *
The ufetubus hits you. The ufetubus barely misses you. The ufetubus hits you.
The ufetubus barely misses you. The ufetubus hits you. x2
* * * LOW HITPOINT WARNING * * *
You hit the ufetubus.
The ufetubus is heavily wounded.
The ufetubus hits you but does no damage.
The ufetubus barely misses you. The ufetubus hits you.
* * * LOW HITPOINT WARNING * * *
The ufetubus hits you but does no damage.
You barely miss the ufetubus.
The ufetubus is heavily wounded.
The ufetubus closely misses you. The ufetubus hits you.
The ufetubus closely misses you. The ufetubus barely misses you.
You closely miss the ufetubus.
The ufetubus is heavily wounded.
The ufetubus closely misses you. x2; The ufetubus hits you.
* * * LOW HITPOINT WARNING * * *
The ufetubus barely misses you.
You barely miss the ufetubus.
The ufetubus is moderately wounded.
The ufetubus hits you but does no damage. x3
The ufetubus barely misses you.
You miss the ufetubus.
The ufetubus is moderately wounded.
The ufetubus misses you. The ufetubus hits you.
* * * LOW HITPOINT WARNING * * *
The ufetubus closely misses you. The ufetubus hits you.
You die...
Your body crumbles into a pile of gold.

...................>.....##.###
....###..#.#.#....#.##.#.##.#
....# #..#.#'#....#....#.##.#
....###..###############.##.#
.........'####8###8### #.##.#
#...#.#..###8...8...8###.##.#
......#...##.........###.##.#
#.....#.#.#_.........>#..##.#
..)...#.####....@5...##..##.#
#.....#.####8...8...8###.##.#
#.....#.# ###8###8### #.##.#
......#.############## ####.#
.....................######.#####
.....#...........................
.....+........###################
#...##.......#######
....###########....#


You could see an ufetubus.

Vanquished Creatures
  An iguana (D:2)
  2 adders (D:2)
  2 dart slugs (D:2)
  3 orcs (D:4)
  6 ball pythons
  5 endoplasms
  8 goblins
  4 hobgoblins
  3 kobolds
  A quokka (D:2)
  6 bats
  A frilled lizard (D:2)
  6 rats (D:2)
48 creatures vanquished.

Notes
Turn   | Place    | Note
-------+----------+-------------------------------------------
     0 | D:1      | siradein the Deep Dwarf Necromancer began the quest for the
                  | Orb.
     0 | D:1      | Reached XP level 1. HP: 15/15 MP: 3/3
   224 | D:1      | Found a faded altar of an unknown god.
   272 | D:1      | Found Zulamp's Antique Armour Shop.
   744 | D:2      | Found a burning altar of Makhleb.
   754 | D:2      | Reached XP level 2. HP: 22/22 MP: 0/5
  1147 | D:2      | Reached XP level 3. HP: 28/28 MP: 3/6
  1185 | D:2      | Learned a level 3 spell: Vampiric Draining
  1509 | D:2      | Reached skill level 5 in Necromancy
  1509 | D:2      | Reached XP level 4. HP: 19/36 MP: 0/7
  2328 | D:3      | Found a broken altar of Ashenzari.
  2394 | D:3      | Found an ancient bone altar of Kikubaaqudgha.
  2480 | D:3      | Found an opulent altar of Gozag.
  2480 | D:3      | Found a hide-covered altar of Uskayaw.
  2490 | D:3      | Became a worshipper of Gozag Ym Sagoz the Greedy
  2955 | D:4      | Noticed an ogre
  3187 | D:1      | Bought a smoking leather armour for 112 gold pieces
  3187 | D:1      | Identified the +1 leather armour "Ilogeen" {Int+7} (You
                  | bought it in a shop on level 1 of the Dungeon)
  3366 | D:4      | Noticed a sky beast
  3413 | D:3      | Slain by an ufetubus

Illustrated notes

Levels and vault maps discovered:
D:1:      nicolae_arrival_memento_mori, layout_basic,
          ebering_ecumenical_altar_box, serial_shops, nicolae_shop_crystal
D:2:      layout_basic, basic_altar, chequers_garden, minmay_tall_x
D:3:      layout_basic, nicolae_overflow_hidden_temple,
          grunt_temple_overflow_open
D:4:      layout_basic, temple_pool_b, serial_co_window_serial,
          co_window_paths_a, co_window_corner_a, co_window_paths_a,
          co_window_paths_a, co_window_corner_a, co_window_paths_a,
          co_window_cross_1, co_window_paths_a, co_window_paths_b,
          co_window_of_opportunity_b, co_window_of_opportunity_c,
          co_window_of_opportunity_c, co_window_broadway_b, co_window_4corner_a,
          co_window_4corner_b

Skill      XL: |  1  2  3 |
---------------+----------+-----
Spellcasting   | 2 |  2.7
Dodging        | 3 |  3.5
Necromancy     | 5 |  5.1
Stealth        | |  2.4

Action                   |  1- 3 |  4- 6 || total
-------------------------+-------+-------++-------
Melee: Long sword        |       |    18 ||    18
 Cast: Pain              |    61 |    10 ||    71
       Vampiric Draining |       |     9 ||     9
Armor: Robe              |     2 |     2 ||     4
       Leather armour    |       |    18 ||    18
Dodge: Dodged            |     3 |    55 ||    58

Table legend: (Time is in decaauts)
 A = Elapsed time spent in this place.
 B = Non-inter-level travel time spent in this place.
 C = Inter-level travel time spent in this place.
 D = Time resting spent in this place.
 E = Time spent auto-exploring this place.
 F = Levels seen in this place.
 G = Mean time per level.
                   A        B        C        D        E       F      G
               +--------+--------+--------+--------+--------+-----+--------+
         Total |   3420 |   3157 |    263 |     17 |   2688 |   4 |  855.0 |
       Dungeon |   3420 |   3157 |    263 |     17 |   2688 |   4 |  855.0 |
               +--------+--------+--------+--------+--------+-----+--------+

Top non-repeatable levels by time:
     D:2: 1108 daAuts
     D:3: 1081 daAuts
     D:1: 804 daAuts
     D:4: 426 daAuts
